 Dungeon Crawl Stone Soup version 0.31.0-32-g396128a36d (webtiles) character file.

Game seed: 5951043540716777266

40 mainiacjoe the Vexing (level 3, 0/23 HPs)
             Began as an Octopode Hexslinger on Apr 3, 2024.
             Was a Follower of Makhleb.
             Slain by an adder (3 damage)
             ... on level 2 of the Dungeon.
             The game lasted 00:03:04 (1008 turns).

mainiacjoe the Vexing (Octopode Hexslinger)         Turns: 1008, Time: 00:03:05

Health: 0/23       AC:  1    Str:  7    XL:     3   Next: 50%
Magic:  3/5        EV: 13    Int: 17    God:    Makhleb [*.....]
Gold:   41         SH:  0    Dex: 14    Spells: 3/5 levels left

rFire   . . .        b - +4 dagger (venom)
rCold   . . .        (no shield)
rNeg    . . .        (helmet restricted)
rPois   .            (no amulet)
rElec   .            (no ring)
rCorr   .            (no ring)
SInv    .            (no ring)
Will    .....        (no ring)
Stlth   ++           (no ring)
HPRegen 0.23/turn    (no ring)
MPRegen 0.09/turn    (no ring)
                     (no ring)

%: no passive effects
@: lethally poisoned (0 -> -3), weak-willed, attractive, jinxed
A: almost no armour, amphibious, 8 rings, camouflage 1, gelatinous body 1,
(nimble swimmer 1), tentacles
a: Renounce Religion


You were on level 2 of the Dungeon.
You worshipped Makhleb.
Makhleb was aware of your devotion.
You visited 1 branch of the dungeon, and saw 2 of its levels.

You collected 41 gold pieces.

Inventory:

Hand Weapons
 a - a +1 sling
 b - a +4 dagger of venom (weapon)
 e - a +0 short sword
Scrolls
 g - a scroll of poison
Potions
 d - 2 potions of mutation


   Skills:
 - Level 1.0 Fighting
 * Level 2.8 Ranged Weapons
 - Level 2.0 Dodging
 + Level 1.5 Spellcasting
 + Level 3.3 Hexes
 + Level 1.6 Fire Magic


You had 3 spell levels left.
You knew the following spells:

 Your Spells              Type           Power      Damage    Failure   Level
a - Jinxbite              Hex            24%        N/A       8%          2

Your spell library contained the following spells:

 Spells                   Type           Power      Damage    Failure   Level
 Sigil of Binding         Hex            12%        N/A       16%         3
 Inner Flame              Hex/Fire       9%         N/A       22%         3
 Cause Fear               Hex            6%         N/A       45%         4
 Dimensional Bullseye     Hex/Tloc       3%         N/A       71%         4


Dungeon Overview and Level Annotations

Branches:
Dungeon (2/15)

Altars:
Makhleb


Innate Abilities, Weirdness & Mutations

You cannot wear most types of armour.
You are amphibious.
You can wear up to eight rings at the same time.
Your skin changes colour to match your surroundings (Stealth+).
Your rubbery body absorbs attacks. (AC +1, EV +1)
((You are camouflaged when in or above water. (Stealth+)))
You have tentacles for arms and can constrict up to eight enemies at once.


Message History

You shoot a sling bullet. The sling bullet hits the bat.
The bat is heavily wounded.
You hear an angry hiss.
The bat hits you but does no damage.
An adder comes into view.
You shoot a sling bullet. The sling bullet misses the bat.
The bat hits you. The bat barely misses you. The adder closely misses you.
You shoot a sling bullet.
The sling bullet closely misses the bat.
The bat closely misses you. The adder barely misses you. The bat hits you.
You shoot a sling bullet. The sling bullet hits the bat.
The bat is severely wounded.
The bat barely misses you. The bat misses you. The adder bites you. x2
The bat hits you but does no damage.
You shoot a sling bullet.
The sling bullet closely misses the bat.
The bat hits you but does no damage. The bat misses you. The adder bites you.
You are poisoned.
The adder poisons you! The adder bites you.
You are more poisoned.
The adder poisons you!
Casting: Jinxbite (safe; 8% risk of failure)
Confirm with . or Enter, or press ? or * to list all spells.
You beckon some vexing sprites to accompany your attacks.
You feel your willpower being sapped.
You feel sick. The bat hits you. The adder misses you.
Your +4 dagger of venom begins to drip with poison!
b - a +4 dagger of venom (weapon)
You feel sick. The bat closely misses you. The adder bites you.
* * * LOW HITPOINT WARNING * * *
It was a potion of attraction.
You feel attractive to monsters.
* * * LOW HITPOINT WARNING * * *
You feel sick. The bat hits you but does no damage.
The adder closely misses you.
You barely miss the adder. You grab the adder.
You constrict the adder, but do no damage.
* * * LOW HITPOINT WARNING * * *
You feel sick. The bat hits you but does no damage. The adder bites you.
You die...

####
#####...
.....
#S.# #@.#
#..b.....
#..######
#..# ...#
##.. .#
..


You could see an adder and a bat.

Vanquished Creatures
  A dart slug (D:1)
  2 giant cockroaches (D:1)
  4 goblins (D:1)
  5 hobgoblins (D:1)
  4 jackals (D:1)
  2 quokkas (D:1)
  3 ball pythons (D:1)
  3 bats (D:1)
  3 frilled lizards (D:1)
  3 kobolds (D:1)
  3 rats (D:1)
33 creatures vanquished.

Notes
Turn   | Place    | Note
-------+----------+-------------------------------------------
     0 | D:1      | mainiacjoe the Octopode Hexslinger began the quest for the
                  | Orb.
     0 | D:1      | Reached XP level 1. HP: 13/13 MP: 2/2
    83 | D:1      | Reached XP level 2. HP: 18/18 MP: 3/3
    86 | D:1      | Learned a level 2 spell: Jinxbite
   208 | D:1      | Found a faded altar of an unknown god.
   217 | D:1      | Prayed at the altar of an unknown god.
   217 | D:1      | Became a worshipper of Makhleb the Destroyer
   217 | D:1      | Reached * piety under Makhleb
   678 | D:1      | Reached XP level 3. HP: 23/23 MP: 5/5
  1008 | D:2      | Slain by an adder

Illustrated notes

Levels and vault maps discovered:
D:1:      roderic_dead_forest, layout_basic, dilly_ecumenical_altar_fadedgnrine,
          grunt_decor_fettered
D:2:      layout_loops_ring

Action                     || total
---------------------------++-------
  Melee: Club              ||     4
         Constrict         ||     7
         Tentacles         ||     4
         Unarmed           ||     1
         Dagger            ||    11
   Fire: Sling             ||    83
   Cast: Jinxbite          ||     2
    Use: Scroll            ||     1
         Potion            ||     1
   Stab: Sleeping          ||     1
 Armour: Skin              ||    30
  Dodge: Dodged            ||    52
